 Dungeon Crawl Stone Soup version 0.30.1-11-g7821555f0a (webtiles) character file.

Game seed: 15019302443889332524

1822 jagang the Trooper (level 9, -30/71 HPs)
             Began as a Human Monk on Jan 10, 2024.
             Was a Priest of the Shining One.
             Killed by an exploding kobold (38 damage)
             ... ignited by their inner flame
             ... on level 7 of the Dungeon.
             The game lasted 00:13:04 (5425 turns).

jagang the Trooper (Human Monk)                     Turns: 5425, Time: 00:13:05

Health: -30/71     AC: 19    Str: 15    XL:     9   Next: 32%
Magic:  9/9        EV:  6    Int: 10    God:    the Shining One [***...]
Gold:   554        SH:  0    Dex: 20    Spells: 8/8 levels left

rFire   . . .        x - +3 rapier "Conneq" {flame, rPois Str+3}
rCold   . . .        (no shield)
rNeg    + + .        s - +0 plate armour
rPois   +            m - +0 helmet
rElec   .            w - +0 cloak
rCorr   .            g - +2 pair of gloves
SInv    .            t - +0 pair of boots
Will    .....        (no amulet) Stlth
                     J - ring of positive energy
HPRegen 0.31/turn    (no ring)
MPRegen 0.11/turn

%: no passive effects
@: slowed, glowing, very slow
A: no striking features
a: Renounce Religion, Divine Shield, Cleansing Flame


You were on level 7 of the Dungeon.
You worshipped the Shining One.
The Shining One was most pleased with you.
You visited 2 branches of the dungeon, and saw 8 of its levels.
You also visited: Ossuary.

You collected 554 gold pieces.

Inventory:

Hand Weapons
 a - a +0 falchion
 x - the +3 rapier "Conneq" (weapon) {flame, rPois Str+3}
   (You found it on level 3 of the Dungeon)

   Str:       It affects your strength (+3).
   rPois:     It protects you from poison.
 D - a +2 rapier of holy wrath
Missiles
 d - 12 poisoned darts (quivered)
 o - 6 silver boomerangs
 N - 4 javelins
Armour
 g - a +2 pair of gloves (worn)
 m - a +0 helmet (worn)
 s - a +0 plate armour (worn)
 t - a +0 pair of boots (worn)
 w - a +0 cloak (worn)
Jewellery
 e - an amulet of magic regeneration
 u - an amulet of faith
 z - a +6 ring of intelligence
 E - a ring of see invisible
 J - a ring of positive energy (left hand)
Wands
 n - a wand of mindburst (18)
 G - a wand of acid (9)
Scrolls
 f - a scroll of enchant weapon
 j - a scroll of noise
 l - a scroll of immolation
 p - a scroll of silence
 y - a scroll of amnesia
 B - 2 scrolls of summoning
 F - a scroll of poison
 H - 4 scrolls of enchant armour
 I - 2 scrolls of magic mapping
 L - 2 scrolls of teleportation {unknown}
Potions
 b - a potion of cancellation {unknown}
 c - 4 potions of ambrosia
 h - a potion of berserk rage {unknown}
 i - 2 potions of lignification {unknown}
 k - 2 potions of curing
 q - 2 potions of flight {unknown}
 r - 3 potions of heal wounds {unknown}
 v - 4 potions of invisibility
 A - a potion of brilliance
 C - a potion of haste {unknown}
 K - 2 potions of magic {unknown}
 M - a potion of degeneration {unknown}


   Skills:
 * Level 6.9 Fighting
 * Level 6.8 Long Blades
 + Level 3.8 Throwing
 * Level 6.0 Armour
 - Level 3.0 Dodging


You had 8 spell levels left.
You didn't know any spells.
Your spell library contained the following spells:

 Spells                   Type           Power      Damage    Failure   Level
 Blink                    Tloc           0%         N/A       100%        2
 Cigotuvi's Dreadful Rot  Necr/Pois/Air  0%         N/A       100%        2
 Ensorcelled Hibernation  Hex/Ice        0%         N/A       100%        2
 Lesser Beckoning         Tloc           0%         N/A       100%        2
 Momentum Strike          Conj/Tloc      0%         3d8       100%        2
 Dazzling Flash           Conj/Hex       0%         N/A       100%        3
 Ignite Poison            Fire/Tmut/Pois 0%         N/A       100%        3
 Spider Form              Tmut/Pois      0%         N/A       100%        3
 Stone Arrow              Conj/Erth      0%         3d7       100%        3
 Anguish                  Hex/Necr       0%         N/A       100%        4
 Animate Armour           Summ/Erth      0%         N/A       100%        4
 Agony                    Necr           0%         N/A       100%        5
 Freezing Cloud           Conj/Ice/Air   0%         6-21      100%        5
 Silence                  Hex/Air        0%         N/A       100%        5
 Lehudib's Crystal Spear  Conj/Erth      0%         10d2      100%        8


Dungeon Overview and Level Annotations

Branches:
Dungeon (7/15)             Temple (1/1) D:4         Ossuary (visited)

Altars:
Ashenzari
Dithmenos
Fedhas
Gozag
Hepliaklqana
Kikubaaqudgha
Nemelex Xobeh
Sif Muna
Uskayaw
Wu Jian
Yredelemnul
Zin
The Shining One


Message History

A kobold comes into view. It is wielding a +1 dagger of draining.
A wight comes into view. It is wielding a +2 flail.
You feel sick. The wight barely misses you. The howler monkey hits you.
The kobold hits you but does no damage.
The wight hits you from afar with a +0 trident.
The kobold brigand hits you with a +0 whip.
You hit the howler monkey. You burn the howler monkey.
The howler monkey is severely wounded.
You feel sick.
The howler monkey hits you but does no damage.
The wight hits you from afar with a +0 trident!
The kobold barely misses you.
The wight hits you with a +0 morningstar!
The kobold brigand hits you but does no damage.
The howler monkey hits you but does no damage.
Really read the scroll of immolation?
As you read the scroll of immolation, it crumbles to dust.
The creatures around you are filled with an inner flame!
You feel sick.
You are no longer poisoned.
The howler monkey hoots and howls with incredible vigour!
The kobold brigand hits you but does no damage.
The wight closely misses you. The wight hits you but does no damage.
The kobold hits you but does no damage.
The howler monkey hits you but does no damage.
The kobold brigand barely misses you. The wight hits you but does no damage.
A wight comes into view. It is wielding a +0 spear.
The wight hits you but does no damage. x2; The kobold closely misses you.
You puncture the howler monkey! You burn the howler monkey.
The howler monkey explodes!
The fiery explosion engulfs the kobold!!
The fiery explosion engulfs you!
* * * LOW HITPOINT WARNING * * *
The fiery explosion engulfs the kobold brigand!!
Flame seeps out of the kobold brigand.
The kobold brigand is almost dead.
The kobold explodes!
The fiery explosion engulfs you!!!
Ouch! That really hurt!
You die...

.. . ... ##..
.... $....
.z..########...#.
......z.z........
......z§@KKK....#
#.......§§§......
#.....z§§§§....##
#..............#
#..............#
#..............#
...............#
.................
..?...##....#####


You could see a kobold brigand (inner flame), 5 wights and 2 kobolds.

Vanquished Creatures
  A wyvern (D:5)
  An ice beast (D:5)
  2 centaurs (D:6)
  3 ogres
  A kobold brigand (D:6)
  3 scorpions
  6 howler monkeys
  4 centaur zombies (Ossuary)
  2 hounds
  A jelly (D:6)
  2 orc priests
  A gnoll bouda (D:6)
  A sleepcap (D:5)
  5 orc wizards
  6 mummies (Ossuary)
  4 adders
  8 gnolls
  A shadow imp (D:5)
  A white imp (D:5)
  An ufetubus (D:5)
  2 worms
  13 orcs
  7 endoplasms
  2 giant cockroaches (D:1)
  5 goblins
  6 hobgoblins
  3 jackals
  12 kobolds
  4 quokkas
  4 ball pythons
  2 bats (D:1)
  3 frilled lizards
  2 hobgoblin zombies (Ossuary)
  3 rats (D:1)
122 creatures vanquished.

Notes
Turn   | Place    | Note
-------+----------+-------------------------------------------
     0 | D:1      | jagang the Human Monk began the quest for the Orb.
     0 | D:1      | Reached XP level 1. HP: 18/18 MP: 1/1
   102 | D:1      | Reached XP level 2. HP: 13/24 MP: 2/2
   272 | D:1      | Reached skill level 1 in Armour
   480 | D:1      | Reached XP level 3. HP: 29/29 MP: 3/3
   878 | D:2      | Reached XP level 4. HP: 35/36 MP: 4/4
   879 | D:2      | Found a faded altar of an unknown god.
  2081 | D:3      | Identified the +3 rapier "Conneq" {flame, rPois Str+3}
  2402 | D:4      | Reached XP level 5. HP: 42/42 MP: 5/5
  2526 | D:4      | Reached skill level 1 in Throwing
  2685 | D:4      | Reached XP level 6. HP: 32/48 MP: 6/6
  2999 | D:4      | Found a staircase to the Ecumenical Temple.
  3025 | D:4      | Noticed an ogre
  3036 | D:4      | Killed an ogre
  3037 | D:4      | Reached XP level 7. HP: 55/55 MP: 7/7
  3041 | Temple   | Entered the Ecumenical Temple
  3143 | Temple   | Became a worshipper of the Shining One
  3143 | Temple   | Reached * piety under the Shining One
  3143 | Temple   | Reached ** piety under the Shining One
  3444 | D:5      | Entered Level 5 of the Dungeon
  3601 | D:5      | Reached skill level 5 in Fighting
  3601 | D:5      | Reached skill level 5 in Long Blades
  3924 | D:5      | Reached XP level 8. HP: 63/63 MP: 8/8
  4179 | D:5      | Found a glowing silver altar of Zin.
  4181 | D:5      | Found an opulent altar of Gozag.
  4181 | D:5      | Found a basalt altar of Yredelemnul.
  4181 | D:5      | Found a shimmering blue altar of Sif Muna.
  4182 | D:5      | Found a hide-covered altar of Uskayaw.
  4185 | D:5      | Found a shadowy altar of Dithmenos.
  4186 | D:5      | Found an ornate altar of the Wu Jian Council.
  4214 | D:5      | Noticed a wyvern
  4226 | D:5      | Killed a wyvern
  4347 | D:5      | Identified the +7 whip of Nufax {drain, rC+ Str+3 Dex-3}
  4449 | D:6      | Found a sand-covered staircase.
  4468 | Ossuary  | Entered an ossuary
  4482 | Ossuary  | Reached skill level 5 in Armour
  4554 | Ossuary  | Reached *** piety under the Shining One
  4719 | D:6      | Reached XP level 9. HP: 70/70 MP: 9/9
  5425 | D:7      | Killed by an exploding kobold... ignited by their inner
                  | flame

Illustrated notes

Levels and vault maps discovered:
D:1:      grunt_arrival_crossed_arrows, layout_basic, minmay_nonomino_d4
D:2:      layout_basic, chequers_ecumenical_altar_island
D:3:      kennysheep_big_flooded_room, layout_basic
D:4:      layout_basic, temple_fountains
D:5:      minmay_chambers_of_fours, layout_rooms, minitemple, serial_glass,
          glass_columns_c, glass_columns_a, glass_columns_b, glass_columns_a,
          glass_columns_a, glass_columns_b, glass_columns_a, glass_columns_c,
          kennysheep_generic_room_16
D:6:      layout_loops_ring, enter_ossuary_1
D:7:      layout_basic
Temple:   minmay_temple_curvy_branch

Skill      XL: |  1  2  3  4  5  6  7  8  9 |
---------------+----------------------------+-----
Armour         | 1 2 3 4 5 6 |  6.0
Fighting       | 4 5 6 |  6.9
Long Blades    | 4 5 6 |  6.8
Throwing       | 1 2 3 |  3.8
Dodging        | |  3.0

Action                     |  1- 3 |  4- 6 |  7- 9 || total
---------------------------+-------+-------+-------++-------
  Melee: Falchion          |    77 |    26 |       ||   103
         Rapier            |       |    59 |   206 ||   265
         Punch             |       |       |     3 ||     3
  Throw: Boomerang         |       |    11 |       ||    11
         Throwing net      |       |     1 |       ||     1
         Dart              |       |       |     9 ||     9
    Use: Scroll            |       |     6 |     5 ||    11
         Potion            |       |       |     1 ||     1
   Stab: Held in net/web   |       |     1 |       ||     1
 Armour: Robe              |     5 |       |       ||     5
         Ring mail         |    16 |     3 |       ||    19
         Plate armour      |       |    53 |   243 ||   296
  Dodge: Dodged            |    57 |    26 |    81 ||   164
